 Dungeon Crawl Stone Soup version 0.27.1-34-g3ba077fa99 (webtiles) character file.

Game seed: 4911977768755322028

1212 Glamhuggeren the Slasher (level 8, 0/56 HPs)
             Began as a Demonspawn Gladiator on Jan 24, 2022.
             Was a Follower of Okawaru.
             Killed from afar by an orc wizard (9 damage)
             ... with a puff of flame
             ... on level 6 of the Dungeon.
             The game lasted 00:22:44 (8015 turns).

Glamhuggeren the Slasher (Demonspawn Gladiator)     Turns: 8015, Time: 00:22:45

Health: 0/56       AC: 13    Str: 17    XL:     8   Next: 22%
Magic:  7/8        EV:  9    Int: 10    God:    Okawaru [*.....]
Gold:   186        SH:  3    Dex: 14    Spells: 7/7 levels left

rFire    . . .     SeeInvis .   a - +0 long sword
rCold    . . .     Faith    .   F - +0 buckler
rNeg     . . .     Spirit   .   i - +0 scale mail
rPois    .         Reflect  .   c - +0 helmet
rElec    .         Harm     .   (no cloak)
rCorr    .         Rampage  +   t - +0 pair of gloves
Will     .....                  H - +2 pair of boots {rampage}
Stlth    ..........             (no amulet)
HPRegen  0.18/turn              (no ring)
MPRegen  0.11/turn              (no ring)

@: no status effects
A: claws 1, sharp scales 2
a: Renounce Religion, Heroism


You were on level 6 of the Dungeon.
You worshipped Okawaru.
Okawaru was aware of your devotion.
You visited 2 branches of the dungeon, and saw 7 of its levels.

You collected 186 gold pieces.

Inventory:

Hand Weapons
 a - a +0 long sword (weapon)
 o - a +0 hunting sling
 z - a +0 hand axe of flaming
 D - a +1 whip of electrocution
Missiles
 f - 209 stones (quivered)
 h - 54 sling bullets
 r - 35 poisoned darts
 A - 9 boomerangs
Armour
 b - a +0 leather armour
 c - a +0 helmet (worn)
 i - a +0 scale mail (worn)
 t - a +0 pair of gloves (worn)
 F - a +0 buckler (worn)
 H - a +2 pair of boots of rampaging (worn)
Magical Staves
 g - a staff of air
 B - a staff of conjuration
Scrolls
 j - 2 scrolls of noise {unknown}
 k - 7 scrolls of identify {unknown}
 q - a scroll of brand weapon {unknown}
 s - 4 scrolls of immolation {unknown}
 w - a scroll of amnesia {unknown}
 x - a scroll of fog {unknown}
 y - a scroll of silence {unknown}
 C - a scroll of holy word {unknown}
 G - a scroll of vulnerability {unknown}
Potions
 d - 2 potions of heal wounds {unknown}
 e - a potion of lignification {unknown}
 l - 2 potions of magic {unknown}
 m - a potion of degeneration {unknown}
 n - a potion of ambrosia {unknown}
 p - a potion of haste {unknown}
 u - 2 potions of curing {unknown}
 v - a potion of brilliance {unknown}
 E - a potion of mutation {unknown}


   Skills:
 - Level 2.0 Fighting
 - Level 7.7 Long Blades
 * Level 5.2 Maces & Flails
 - Level 1.7 Throwing
 - Level 2.6 Dodging


You had 7 spell levels left.
You didn't know any spells.
Your spell library contained the following spells:

 Spells                   Type           Power      Damage    Failure   Level
 Corona                   Hex            0%         N/A       93%         1
 Sting                    Tmut/Pois      0%         1d3       93%         1
 Blink                    Tloc           N/A        N/A       98%         2
 Ensorcelled Hibernation  Hex/Ice        0%         N/A       98%         2
 Poisonous Vapours        Pois/Air       0%         N/A       98%         2
 Tukima's Dance           Hex            0%         N/A       100%        3
 Olgreb's Toxic Radiance  Pois           0%         N/A       100%        4
 Manifold Assault         Tloc           0%         N/A       100%        5
 Storm Form               Tmut/Air       0%         N/A       100%        7


Dungeon Overview and Level Annotations

Branches:
Dungeon (6/15)             Temple (1/1) D:4

Altars:
Ashenzari
Cheibriados
Dithmenos
Elyvilon
Fedhas
Gozag
Hepliaklqana
Kikubaaqudgha
Makhleb
Nemelex Xobeh
Okawaru
Ru
Sif Muna
Trog
Uskayaw
Vehumet
Wu Jian
Xom
Yredelemnul
Zin
The Shining One

Shops:
D:5 =


Innate Abilities, Weirdness & Mutations

You have sharp fingernails.
You are mostly covered in razor-sharp scales. (AC +2, Slay +2)


Message History

You block the gnoll shaman's attack. The gnoll hits you but does no damage.
The orc misses you.
You closely miss the gnoll shaman.
The gnoll shaman is severely wounded.
You closely miss the gnoll shaman.
The gnoll shaman is severely wounded.
The gnoll hits you with a +0 club.
* * * LOW HITPOINT WARNING * * *
The gnoll shaman prays to its god.
The gnoll shaman is healed somewhat.
An orc warrior comes into view. It is wielding a +0 mace.
You block the orc's attack.
You hit the gnoll shaman.
The gnoll shaman is severely wounded.
The gnoll shaman hits you but does no damage.
You block the gnoll's attack. The orc hits you but does no damage.
You hit the gnoll shaman.
The gnoll shaman is severely wounded.
The gnoll misses you.
The gnoll shaman utters an invocation to its god.
The gnoll shaman is healed somewhat.
The orc hits you but does no damage.
You hit the gnoll shaman.
The gnoll shaman is severely wounded.
You block the gnoll's attack. The gnoll shaman closely misses you.
You riposte.
You slash the gnoll shaman!
You kill the gnoll shaman!
Okawaru accepts your kill. The orc barely misses you.
You riposte.
You slash the orc!
You kill the orc!
Okawaru accepts your kill.
You rampage towards the orc warrior!
An orc comes into view. It is wielding a +0 dagger.
You hit the orc warrior but do no damage.
The orc barely misses you.
You riposte.
You slash the orc!
You kill the orc!
You feel like a meek peon again.
The orc warrior hits you but does no damage.
The orc wizard points at you and mumbles some strange words.
The puff of flame hits you!
You die...

.. .... .......
.#......#.......
.....#..........
#....#....o.....
#...............
...........o....
................
.......o@.......
#............##.
#.......g....(..
####.....)......
#....))......
##..........#
#..........##
#...........#
#.............


You could see an orc warrior, an orc wizard, a gnoll and an orc.

Vanquished Creatures
  2 ogres (D:5)
  A centaur (D:5)
  A phantom (D:4)
  A scorpion (D:4)
  A gnoll sergeant (D:5)
  A water moccasin zombie (D:5)
  A howler monkey (D:5)
  An orc priest (D:5)
  A hound (D:6)
  A gnoll shaman (D:6)
  2 bullfrog skeletons (D:5)
  Terence (D:2)
  2 iguanas
  Natasha (thrice) (D:2)
  An orc wizard (D:3)
  A hound skeleton (D:4)
  12 gnolls
  5 adders
  A white imp (D:5)
  3 ufetubi
  An adder skeleton (D:5)
  4 worms
  A dart slug (D:1)
  27 orcs
  5 bats
  4 endoplasms
  5 giant cockroaches
  10 hobgoblins
  3 jackals (D:2)
  12 kobolds
  4 quokkas
  7 ball pythons
  5 frilled lizards
  9 goblins
  3 rats (D:2)
142 creatures vanquished.

Notes
Turn   | Place    | Note
-------+----------+-------------------------------------------
     0 | D:1      | Glamhuggeren the Demonspawn Gladiator began the quest for
                  | the Orb.
     0 | D:1      | Reached XP level 1. HP: 16/16 MP: 1/1
   173 | D:1      | Reached skill level 3 in Long Blades
   201 | D:1      | Gained mutation: You have sharp fingernails. [demonic
                  | ancestry]
   201 | D:1      | Reached XP level 2. HP: 20/22 MP: 2/2
   558 | D:1      | Found a faded altar of an unknown god.
   994 | D:2      | Reached XP level 3. HP: 8/27 MP: 3/3
  1312 | D:2      | Reached skill level 4 in Long Blades
  1457 | D:2      | Noticed Terence
  1468 | D:2      | Killed Terence
  1469 | D:2      | Gained mutation: You are partially covered in razor-sharp
                  | scales. (AC +1, Slay +1) [demonic ancestry]
  1469 | D:2      | Reached XP level 4. HP: 21/33 MP: 4/4
  1972 | D:2      | Noticed Natasha
  1985 | D:2      | Killed Natasha
  1986 | D:2      | Reached skill level 5 in Long Blades
  2492 | D:2      | Noticed Natasha
  2502 | D:2      | Killed Natasha
  2945 | D:2      | Noticed Natasha
  2958 | D:2      | Killed Natasha
  2959 | D:2      | Reached XP level 5. HP: 24/38 MP: 5/5
  3418 | D:3      | Noticed a black bear
  3596 | D:3      | Reached skill level 6 in Long Blades
  3967 | D:4      | Found a staircase to the Ecumenical Temple.
  3975 | Temple   | Entered the Ecumenical Temple
  4156 | Temple   | Became a worshipper of Warmaster Okawaru
  4212 | D:4      | Gained mutation: You are mostly covered in razor-sharp
                  | scales. (AC +2, Slay +2) [demonic ancestry]
  4212 | D:4      | Reached XP level 6. HP: 19/44 MP: 6/6
  5101 | D:4      | Reached skill level 7 in Long Blades
  5448 | D:4      | Reached XP level 7. HP: 41/50 MP: 7/7
  5806 | D:5      | Entered Level 5 of the Dungeon
  6142 | D:5      | Reached * piety under Okawaru
  6360 | D:5      | Reached skill level 1 in Maces & Flails
  7773 | D:5      | Reached XP level 8. HP: 56/56 MP: 6/8
  7858 | D:5      | Found Kympee's Jewellery Shop.
  8004 | D:6      | Reached skill level 5 in Maces & Flails
  8015 | D:6      | Killed from afar by an orc wizard

Illustrated notes

Levels and vault maps discovered:
D:1:      dpeg_arrival_arbitrary_a, layout_basic,
          shapermc_ecumenical_altar_flowoftime, chequers_jeans
D:2:      layout_basic, basic_altar, uniq_natasha, uniq_terence
D:3:      layout_basic, minmay_misc_feat_iff, kennysheep_generic_room_8
D:4:      layout_loops_corners, minmay_temple_entry_overgrown,
          kennysheep_generic_room_11
D:5:      cheibrodos_quashed, layout_loops_ring, serial_shops, shop
D:6:      layout_cave_pools, uniq_eustachio
Temple:   minmay_crystal_snake_temple

Skill      XL: |  1  2  3  4  5  6  7  8 |
---------------+-------------------------+-----
Long Blades    | 3 4 5 6 7 |  7.7
Maces & Flails | 4 5 |  5.2
Fighting       | |  2.0
Throwing       | |  1.7
Dodging        | |  2.6

Action                   |  1- 3 |  4- 6 |  7- 9 || total
-------------------------+-------+-------+-------++-------
Melee: Long sword        |    78 |   251 |   170 ||   499
Throw: Throwing net      |     4 |     1 |       ||     5
       Stone             |       |     4 |     1 ||     5
Invok: Heroism           |       |       |     3 ||     3
Armor: Scale mail        |    29 |   134 |    93 ||   256
Dodge: Dodged            |    47 |   116 |   108 ||   271
Block: Buckler           |       |       |     8 ||     8
       Rpst.: Long sword |    15 |    34 |    32 ||    81
